 Dungeon Crawl Stone Soup version 0.29.1-13-g9f3cf754e1 (webtiles) character file.

Game seed: 2247371259740630878

307 pilgrim the Gusty (level 6, -2/36 HPs)
             Began as a Tengu Air Elementalist on Feb 10, 2023.
             Slain by an orc wizard
             ... wielding a +4 dagger
              (4 damage)
             ... on level 4 of the Dungeon.
             The game lasted 00:12:09 (4681 turns).

pilgrim the Gusty (Tengu Air Elementalist)          Turns: 4681, Time: 00:12:09

Health: -2/36      AC:  3    Str:  8    XL:     6   Next: 40%
Magic:  4/11       EV: 16    Int: 16    God:
Gold:   301        SH:  0    Dex: 16    Spells: 8/11 levels left

rFire   + . .      SeeInvis .   c - staff of fire
rCold   . . .      Faith    .   (no shield)
rNeg    . . .      Spirit   .   a - +1 robe
rPois   .          Reflect  .   (helmet restricted)
rElec   .          Harm     .   (no cloak)
rCorr   .          Rampage  .   (no gloves)
Will    .....                   (boots unavailable)
Stlth   ++........              (no amulet)
HPRegen 0.12/turn               (no ring)
MPRegen 0.12/turn               (no ring)

@: flying quickly and evasively, quick
A: beak, talons 3, nimble flight
a: no special abilities


You were on level 4 of the Dungeon.
You visited 1 branch of the dungeon, and saw 4 of its levels.

You collected 301 gold pieces.

Inventory:

Armour
 a - a +1 robe (worn)
Magical Staves
 c - a staff of fire (weapon)
Scrolls
 e - a scroll of immolation
 f - a scroll of blinking
 g - a scroll of teleportation
 i - a scroll of silence {unknown}
 j - a scroll of vulnerability {unknown}
 k - a scroll of identify
Potions
 b - a potion of magic
 d - a potion of lignification
 h - a potion of mutation {unknown}


   Skills:
 * Level 2.8 Fighting
 + Level 1.1 Staves
 * Level 4.0 Dodging
 - Level 2.0 Stealth
 * Level 3.2 Spellcasting
 * Level 3.9 Conjurations
 - Level 4.0 Air Magic
 + Level 0.8 Evocations


You had 8 spell levels left.
You knew the following spells:

 Your Spells              Type           Power      Damage    Failure   Level
a - Shock                 Conj/Air       60%        1d6       3%          1
b - Static Discharge      Conj/Air       15%        3-5/arc   5%          2

Your spell library contained the following spells:

 Spells                   Type           Power      Damage    Failure   Level
 Swiftness                Air            15%        N/A       11%         3
 Airstrike                Air            7%         2d(2-18)  34%         4
 Confusing Touch          Hex            2%         N/A       50%         3
 Yara's Violent Unravell  Hex/Tmut       1%         3d3       99%         5
 Enfeeble                 Hex            1%         N/A       100%        7


Dungeon Overview and Level Annotations

Branches:
Dungeon (4/15)
 Temple: D:4-7

Altars:
Ashenzari
Fedhas
Uskayaw
The Shining One


Innate Abilities, Weirdness & Mutations

You have a beak for a mouth.
You have claws for feet.
Your magical nature lets you fly swiftly and evasively.


Message History

Press: ? - help, Shift-Dir - straight line, f - hobgoblin, p - ball python
Aim: a hobgoblin (71% to hit)
The zap hits the ball python.
You kill the ball python!
The zap hits the hobgoblin.
You kill the hobgoblin!
Casting: Shock (safe; 3% risk of failure)
Confirm with . or Enter, or press ? or * to list all spells.
You can't see any susceptible monsters within range! (Use Z to cast anyway.)
Casting: Shock (safe; 3% risk of failure)
Confirm with . or Enter, or press ? or * to list all spells.
You don't know that spell.
Casting: Shock (safe; 3% risk of failure)
Confirm with . or Enter, or press ? or * to list all spells.
Aiming: Shock (safe; 3% risk of failure)
Press: ? - help, Shift-Dir - straight line Something hits you but does no damage.
You hit something. Something closely misses you.
You barely miss something. Your kick misses something. Something hits you.
You hear some strange, mumbled words.
You are confused.
You bump into the rock wall.
Something hits you.
You miss something. Your kick misses something. Something hits you.
You bump into the rock wall.
Something barely misses you.
You bump into the rock wall.
Something hits you.
You closely miss something. Your kick misses something.
You hear some strange, mumbled words.
Something tries to affect you, but you resist.
You bump into the rock wall.
Something hits you.
You miss something. Your kick misses something. Your peck misses something.
You feel less confused. Something barely misses you.
You miss something. Your kick misses something. Something hits you.
You miss something. You claw something. Something hits you.
You miss something. Your peck misses something. Something hits you.
* * * LOW HITPOINT WARNING * * *
Something hits you.
* * * LOW HITPOINT WARNING * * *
You closely miss something. Your kick misses something. Something hits you.
You die...

####.## #.# ......##
#.. ####...# ##.##
#.#.## ...#
####.#..# ##..#
.....##'## #†.)#
##.......# #.#.#
#.......## ###{#.#
##........####..@#.#
..........##...###.#
...######.##.### .#
...# #.##.# .#
...######.##.# .#
...##........#
.............#####.#
............>'.....#
###..........#######


There were no monsters in sight!

Vanquished Creatures
  2 hounds
  3 iguanas (D:4)
  Robin (D:3)
  2 adders (D:3)
  3 worms
  2 dart slugs
  5 orcs
  9 ball pythons
  6 bats
  7 endoplasms
  2 giant cockroaches
  16 goblins
  21 hobgoblins
  3 jackals (D:3)
  9 kobolds
  3 quokkas
  4 frilled lizards
  12 rats
110 creatures vanquished.

Vanquished Creatures (others)
  A fungus (D:1)
  4 toadstools (D:1)
5 creatures vanquished.

Grand Total: 115 creatures vanquished

Notes
Turn   | Place    | Note
-------+----------+-------------------------------------------
     0 | D:1      | pilgrim the Tengu Air Elementalist began the quest for the
                  | Orb.
     0 | D:1      | Reached XP level 1. HP: 10/10 MP: 4/4
   226 | D:1      | Reached XP level 2. HP: 16/16 MP: 1/6
   517 | D:1      | Reached skill level 1 in Fighting
   656 | D:1      | Reached XP level 3. HP: 20/20 MP: 5/7
  1810 | D:2      | Reached XP level 4. HP: 11/26 MP: 0/8
  2671 | D:3      | Gained mutation: Your magical nature lets you fly swiftly
                  | and evasively. [Tengu growth]
  2671 | D:3      | Reached XP level 5. HP: 16/30 MP: 0/10
  3030 | D:3      | Noticed Robin
  3038 | D:3      | Killed Robin
  3907 | D:3      | Found a glowing golden altar of the Shining One.
  3909 | D:3      | Found a broken altar of Ashenzari.
  4059 | D:4      | Found a blossoming altar of Fedhas.
  4173 | D:4      | Learned a level 2 spell: Static Discharge
  4185 | D:4      | Reached skill level 1 in Staves
  4185 | D:4      | Reached XP level 6. HP: 31/36 MP: 1/11
  4407 | D:4      | Found a hide-covered altar of Uskayaw.
  4681 | D:4      | Slain by an orc wizard

Illustrated notes

Levels and vault maps discovered:
D:1:      scummos_arrival_star, layout_loops_ring, minmay_gold_behind_fungi
D:2:      layout_rooms
D:3:      layout_loops_ring, grunt_temple_overflow_open, minmay_quantized,
          uniq_robin
D:4:      layout_basic, kennysheep_mini_moat, fedhas_ov_isle_minmay,
          mainiacjoe_overflow_paths, minmay_temple_entry_grid

Skill      XL: |  1  2  3  4  5  6 |
---------------+-------------------+-----
Conjurations   | 2 3 |  3.9
Fighting       | 1 2 |  2.8
Dodging        | 3 4 |  4.0
Spellcasting   | 3 |  3.2
Staves         | 1 |  1.1
Stealth        | |  2.0
Air Magic      | |  4.0
Evocations     | |  0.8

Action                   |  1- 3 |  4- 6 || total
-------------------------+-------+-------++-------
Melee: Unarmed           |     5 |       ||     5
       Kick              |     6 |    21 ||    27
       Dagger            |    13 |       ||    13
       Staff             |       |    62 ||    62
       Peck              |       |     7 ||     7
 Cast: Shock             |    77 |   151 ||   228
  Use: Scroll            |     3 |     6 ||     9
Armor: Robe              |    10 |    10 ||    20
Dodge: Dodged            |    21 |    51 ||    72
